 Dungeon Crawl Stone Soup version 0.21-a0-170-g0398fc9 (webtiles) character file.

185 Alarkh the Chopper (level 5, 41/41 HPs)
             Began as a Demonspawn Monk on Aug 6, 2017.
             Got out of the dungeon alive.
             The game lasted 00:02:04 (1732 turns).

Alarkh the Chopper (Demonspawn Monk)                Turns: 1732, Time: 00:02:05

Health: 41/41      AC:  8    Str: 12    XL:     5   Next: 37%
Magic:  5/5        EV: 10    Int: 12    God:
Gold:   79         SH:  0    Dex: 20    Spells: 4/4 levels left

rFire    + . .     SeeInvis .   a - +0 hand axe
rCold    . . .     Gourm    .   (no shield)
rNeg     . . .     Faith    .   r - +0 scale mail {rF+}
rPois    .         Spirit   .   (helmet restricted)
rElec    .         Reflect  .   (no cloak)
rCorr    .         Harm     .   (no gloves)
MR       .....                  (no boots)
Stlth    +.........             (no amulet)
HPRegen  0.13/turn              j - +5 ring of dexterity
MPRegen  0.09/turn              (no ring)

@: no status effects
A: horns 1, slimy green scales 1, spiny 1
a: no special abilities


You escaped.
You were hungry.

You visited 1 branch of the dungeon, and saw 2 of its levels.

You collected 79 gold pieces.

Inventory:

Hand Weapons
 a - a +0 hand axe (weapon)
Armour
 b - a +0 robe
 r - a +0 scale mail of fire resistance (worn)
Jewellery
 j - a +5 ring of dexterity (left hand)
Scrolls
 d - a scroll of remove curse {unknown}
 e - a scroll of enchant armour {unknown}
 f - a scroll of immolation {unknown}
 g - 2 scrolls of fear {unknown}
 h - 4 scrolls of identify {unknown}
 l - 2 scrolls of teleportation {unknown}
 p - a scroll of noise {unknown}
Comestibles
 c - a bread ration
 k - a royal jelly
 m - 2 meat rations


   Skills:
 - Level 3.0 Fighting
 + Level 5.6 Axes
 - Level 2.6 Dodging
 - Level 1.7 Stealth


You had 4 spell levels left.
You didn't know any spells.

Dungeon Overview and Level Annotations

Branches:
Dungeon (2/15)

Altars:
Ashenzari


Innate Abilities, Weirdness & Mutations

You have a pair of small horns on your head.
You are partially covered in slimy green scales. (AC +2)
You are partially covered in sharp spines.


Message History

You feel stronger.
Your demonic ancestry asserts itself...
Slimy green scales grow over part of your body.
You have reached level 5!
Unknown command.
You feel a little less agile now.
There is an open door here.
There is a large open door here.
There is a stone staircase leading up here.
You climb upwards.
There is a stone staircase leading down here.
There is an open door here.
There is an escape hatch in the floor here.
You see here a club.
You are feeling hungry.
(D) Dungeon
Where to? (Enter - D:1 @ (x,y), ? - help) HP restored.
There is a staircase leading out of the dungeon here.
Are you sure you want to leave the Dungeon?
This will make you lose the game!
You have escaped!

........# #....P.P...............
........# #.#.P#≈#P..#...........
........# #.#.##≈##..#...........
........###+#.≈≈≈≈≈..########....
........#.....##≈##..# #....
........#.....P#≈#P..# #....
........#......P.P...# #....
#########............# #....
........'.......@....# #....
#########............# #....
#......P.P...# #....
#.....P#≈#P..# #....
#########.....##≈##..# #####
........#.....≈≈≈≈≈..#
........#.....##≈##..#
........#####.P#≈#P..# ........#
#..P.P...#


There were no monsters in sight!

Vanquished Creatures
  Sigmund (D:2)
  A dart slug (D:1)
  A leopard gecko (D:2)
  A ball python (D:1)
  4 goblins
  4 hobgoblins
  A kobold (D:1)
  3 bats (D:1)
  A frilled lizard (D:1)
  6 rats (D:1)
23 creatures vanquished.

Notes
Turn   | Place    | Note
-------+----------+-------------------------------------------
     0 | D:1      | Alarkh the Demonspawn Monk began the quest for the Orb.
     0 | D:1      | Reached XP level 1. HP: 18/18 MP: 1/1
   266 | D:1      | Reached skill level 3 in Axes
   618 | D:1      | Gained mutation: You have a pair of small horns on your head. [demonic ancestry]
   618 | D:1      | Reached XP level 2. HP: 24/24 MP: 2/2
  1276 | D:2      | Found a shattered altar of Ashenzari.
  1561 | D:2      | Noticed Sigmund
  1598 | D:2      | Killed Sigmund
  1598 | D:2      | Reached skill level 5 in Axes
  1598 | D:2      | Gained mutation: You are partially covered in sharp spines. [demonic ancestry]
  1598 | D:2      | Reached XP level 3. HP: 17/29 MP: 3/3
  1598 | D:2      | Gained mutation: You are partially covered in slimy green scales. (AC +2) [demonic ancestry]
  1598 | D:2      | Reached XP level 4. HP: 20/35 MP: 4/4
  1598 | D:2      | Reached XP level 5. HP: 24/41 MP: 5/5
  1732 | D:$      | Got out of the dungeon alive.

Vault maps used:
D:1:      eino_arrival_water_cross
D:2:      ashenzari_altar_1, grunt_decor_arrowhead, minmay_tree_intersection,
          kennysheep_nondescript, minmay_misc_feat_tower, uniq_sigmund

Skill      XL: |  1  2 |
---------------+-------+-----
Axes           | 3 5 |  5.6
Fighting       | |  3.0
Dodging        | |  2.6
Stealth        | |  1.7

Action                   |  1- 3 |  4- 6 || total
-------------------------+-------+-------++-------
Melee: Hand axe          |    79 |       ||    79
       Headbutt          |    13 |       ||    13
  Use: Potion            |     4 |       ||     4
 Stab: Sleeping          |     4 |       ||     4
  Eat: Chunk             |     2 |       ||     2
Armor: Robe              |     9 |       ||     9
       Scale mail        |     1 |       ||     1
Dodge: Dodged            |    51 |       ||    51
